 Dungeon Crawl Stone Soup version 0.24-a0-441-g27f0392e16 (webtiles) character file.

Game seed: 10778100807373276552

6624 Krouwed the Fighter (level 10, -1/141 HPs)
             Began as a Minotaur Berserker on June 20, 2019.
             Was a High Priest of Trog.
             Slain by a seven-headed hydra (12 damage)
             ... on level 1 of the Lair of Beasts.
             The game lasted 00:34:36 (7637 turns).

Krouwed the Fighter (Minotaur Berserker)            Turns: 7637, Time: 00:34:37

Health: -1/141     AC: 10    Str: 28    XL:     10   Next: 72%
Magic:  9/9        EV:  9    Int:  4    God:    Trog [*****.]
Gold:   544        SH: 17    Dex: 12    Spells: 9/9 levels left

rFire    . . .     SeeInvis .   R - +0 morningstar
rCold    . . .     Gourm    .   J - +0 large shield
rNeg     . . .     Faith    .   u - +1 ring mail {rPois}
rPois    +         Spirit   .   (helmet restricted)
rElec    .         Reflect  .   (no cloak)
rCorr    .         Harm     .   p - +1 pair of gloves
MR       .....                  (no boots)
Stlth    ..........             (no amulet)
HPRegen  0.33/turn              (no ring)
MPRegen  0.11/turn              I - ring of stealth

@: berserking, very quick
A: retaliatory headbutt, horns 2
a: Berserk, Trog's Hand, Brothers in Arms, Renounce Religion


You were on level 1 of the Lair of Beasts.
You worshipped Trog.
Trog was extremely pleased with you.
You were very hungry.

You visited 3 branches of the dungeon, and saw 11 of its levels.

You collected 544 gold pieces.

Inventory:

Hand Weapons
 a - a +0 war axe of electrocution
 b - a +3 hunting sling
 j - a +2 short sword of electrocution
 R - a +0 morningstar (weapon)
Missiles
 t - 37 poisoned darts (quivered)
 B - 229 stones
 M - 7 datura-tipped darts
Armour
 p - a +1 pair of gloves (worn)
 u - a +1 ring mail of poison resistance (worn)
 J - a +0 large shield (worn)
Jewellery
 d - an uncursed ring of fire
 v - the ring "Yrinouf" {*Drain +Blink AC+5 Str-5 Stlth+}
   (You found it on level 8 of the Dungeon)

   [ring of protection]

   It affects your AC (+5).
   It affects your strength (-5).
   It lets you blink.
   It causes draining when unequipped.
   It makes you more stealthy.
 I - a ring of stealth (right hand)
 Q - an uncursed ring of stealth
Wands
 A - a wand of disintegration (2)
 C - a wand of flame (18)
 H - a wand of random effects (47)
 L - a wand of acid (6)
 P - a wand of iceblast (7)
Scrolls
 e - a scroll of blinking
 f - 6 scrolls of remove curse
 h - 2 scrolls of fog
 i - a scroll of enchant armour {unknown}
 o - a scroll of identify
 r - 2 scrolls of random uselessness
 w - 3 scrolls of amnesia
 y - a scroll of immolation {unknown}
 z - a scroll of enchant weapon {unknown}
 D - 8 scrolls of teleportation
 E - 2 scrolls of noise
 F - 3 scrolls of vulnerability
 N - 4 scrolls of magic mapping
Potions
 g - 6 potions of flight
 l - a potion of degeneration
 m - a potion of haste
 n - 2 potions of curing
 q - a potion of agility
 s - a potion of brilliance
 x - a potion of cancellation
 G - a potion of magic
 O - a potion of heal wounds
Comestibles
 c - 22 rations
 k - 3 chunks of flesh


   Skills:
 + Level 10.5 Fighting
 + Level 10.4(10.9) Axes
 - Level 4.8(8.3) Maces & Flails
 + Level 10.1 Armour
 - Level 3.1 Dodging
 + Level 7.7 Shields


You had 9 spell levels left.
You didn't know any spells.
Your spell library was empty.

Dungeon Overview and Level Annotations

Branches:
Dungeon (9/15)             Temple (1/1) D:6            Lair (1/6) D:9
    Orc: D:9-12

Altars:
Ashenzari
Cheibriados
Dithmenos
Elyvilon
Fedhas
Gozag
Hepliaklqana
Kikubaaqudgha
Makhleb
Nemelex Xobeh
Okawaru
Qazlal
Ru
Sif Muna
Trog
Uskayaw
Vehumet
Wu Jian
Xom
Yredelemnul
Zin
The Shining One


Innate Abilities, Weirdness & Mutations

You reflexively headbutt those who attack you in melee.
You have a pair of horns on your head.


Message History

You feel yourself moving faster!
You feel mighty!
You are feeling very hungry.
The seven-headed hydra bites you!
You block the seven-headed hydra's attack. x2
The seven-headed hydra bites you.
* * * LOW HITPOINT WARNING * * *
The seven-headed hydra bites you!
* * * LOW HITPOINT WARNING * * *
You block the seven-headed hydra's attack.
The seven-headed hydra barely misses you.
You impale the seven-headed hydra!!
The seven-headed hydra is severely wounded.
You block the seven-headed hydra's attack. x3
The seven-headed hydra bites you!
* * * LOW HITPOINT WARNING * * *
The seven-headed hydra bites you but does no damage.
The seven-headed hydra bites you!
* * * LOW HITPOINT WARNING * * *
The seven-headed hydra bites you!
You die...

..... #).....
....... .......
##..#....
#######P.......
#@D............
#..............
#..............
#..............
#..............
#..............
#..............
#..............
###############


You could see a seven-headed hydra.

Vanquished Creatures
  Joseph (D:7)
  A hornet (D:9)
  3 blink frogs (Lair:1)
  2 hippogriffs (Lair:1)
  A spriggan (D:7)
  6 yaks (D:9)
  A water moccasin (D:7)
  2 porcupines (Lair:1)
  An orc warrior (D:8)
  2 black bears (D:9)
  2 phantoms
  3 sky beasts
  5 ice beasts
  2 wolves (Lair:1)
  4 centaurs
  3 ogres
  4 crocodiles (Lair:1)
  3 bullfrogs
  A wyvern zombie (D:7)
  2 scorpions
  A wight (D:7)
  2 howler monkeys (D:7)
  2 crimson imps (D:7)
  A bullfrog zombie (D:5)
  A gnoll shaman (D:5)
  A jelly (D:7)
  4 orc priests
  2 bullfrog skeletons
  2 hounds
  3 iguanas
  Ijyb (D:3)
  Natasha (thrice) (D:2)
  7 worker ants
  A hound zombie (D:2)
  2 hound skeletons (D:4)
  A howler monkey zombie (D:4)
  3 worker ant zombies
  9 gnolls
  11 adders
  4 oozes
  2 adder zombies
  3 adder skeletons
  3 worms
  2 dart slugs
  4 leopard geckos
  48 orcs
  8 bats
  8 giant cockroaches
  13 goblins
  15 hobgoblins
  8 jackals
  2 quokkas
  2 ball pythons
  8 frilled lizards
  A jackal zombie (D:5)
  13 kobolds
  A leopard gecko skeleton (D:8)
  2 leopard gecko zombies
  9 rats
  A plant (Lair:1)
263 creatures vanquished.

Notes
Turn   | Place    | Note
-------+----------+-------------------------------------------
     0 | D:1      | Krouwed the Minotaur Berserker began the quest for the Orb.
     0 | D:1      | Reached XP level 1. HP: 19/19 MP: 0/0
    94 | D:1      | Reached XP level 2. HP: 20/27 MP: 1/1
   549 | D:1      | Reached ** piety under Trog
   557 | D:1      | Reached XP level 3. HP: 33/33 MP: 2/2
  1366 | D:2      | Reached XP level 4. HP: 37/41 MP: 3/3
  1809 | D:3      | Reached *** piety under Trog
  1812 | D:3      | Noticed Natasha
  1835 | D:2      | Killed Natasha
  1931 | D:3      | Reached XP level 5. HP: 40/47 MP: 4/4
  2148 | D:3      | Noticed Ijyb
  2155 | D:3      | Killed Ijyb
  2155 | D:3      | Reached skill level 5 in Fighting
  2155 | D:3      | Reached skill level 1 in Axes
  2486 | D:2      | Noticed Natasha
  2488 | D:2      | Killed Natasha
  2604 | D:2      | Noticed Natasha
  2620 | D:2      | Killed Natasha
  2620 | D:2      | Reached **** piety under Trog
  2620 | D:2      | Reached XP level 6. HP: 44/56 MP: 5/5
  2758 | D:4      | Found a hide-covered altar of Uskayaw.
  2950 | D:4      | Reached skill level 5 in Armour
  3078 | D:5      | Entered Level 5 of the Dungeon
  3119 | D:5      | Reached XP level 7. HP: 31/62 MP: 6/6
  3301 | D:5      | Found an ornate altar of the Wu Jian Council.
  3301 | D:5      | Found a stormy altar of Qazlal.
  3301 | D:5      | Found a sacrificial altar of Ru.
  3416 | D:5      | Reached skill level 5 in Axes
  3626 | D:5      | Reached XP level 8. HP: 27/71 MP: 7/7
  4032 | D:6      | Found a staircase to the Ecumenical Temple.
  4435 | Temple   | Entered the Ecumenical Temple
  4746 | D:7      | Reached skill level 1 in Shields
  4801 | D:7      | Received a gift from Trog
  4952 | D:7      | Noticed Joseph
  4962 | D:7      | Killed Joseph
  4962 | D:7      | Reached XP level 9. HP: 65/81 MP: 8/8
  5107 | D:7      | Reached ***** piety under Trog
  5679 | D:8      | Reached skill level 5 in Shields
  5947 | D:8      | Received a gift from Trog
  6537 | D:8      | Got an ancient pewter ring
  6538 | D:8      | Identified the ring "Yrinouf" {*Drain +Blink AC+5 Str-5
                  | Stlth+} (You found it on level 8 of the Dungeon)
  6632 | D:9      | Reached XP level 10. HP: 77/91 MP: 9/9
  6836 | D:9      | Found a bloodstained altar of Trog.
  6847 | D:9      | Found a staircase to the Lair.
  7306 | Lair:1   | Entered Level 1 of the Lair of Beasts
  7313 | Lair:1   | Reached skill level 10 in Fighting
  7313 | Lair:1   | Reached skill level 10 in Axes
  7551 | Lair:1   | Reached skill level 10 in Armour
  7572 | Lair:1   | Noticed a black mamba
  7628 | Lair:1   | Noticed a seven-headed hydra
  7637 | Lair:1   | Slain by a seven-headed hydra

Levels and vault maps discovered:
D:1:      scummos_arrival_forest, layout_basic, minmay_pentomino_w4
D:2:      layout_basic, kennysheep_generic_room_9
D:3:      layout_basic, first_ration, minmay_fractal_squares_gapless_5,
          uniq_ijyb, uniq_natasha
D:4:      layout_rooms, eat_drink_and_be_merry_uskayaw, serial_undead,
          serial_undead_b, serial_undead_d, serial_undead_e, serial_undead_b,
          serial_undead_f, serial_undead_d, serial_undead_b
D:5:      layout_gridville, gammafunk_temple_overflow_claw
D:6:      layout_basic, temple_green
D:7:      minmay_octagon_keep, layout_loops_ring, the_bakery, uniq_joseph
D:8:      layout_basic, special_room [special_room_orc]
D:9:      layout_loops_ring, lair_entry_dummy, trog_ov_bears_minmay
Temple:   dpeg_five_rooms_temple
Lair:1:   layout_gridlike, minivault_11, beast_lair_carwin_6,
          infiniplex_staircase_pool

Skill      XL: |  1  2  3  4  5  6  7  8  9 10 |
---------------+-------------------------------+-----
Fighting       | 4 5 6 8 9 10 | 10.5
Maces & Flails | 4 |  4.8
Armour         | 3 4 5 6 7 9 10 | 10.1
Dodging        | 3 |  3.1
Axes           | 2 4 6 8 9 10 | 10.4
Shields        | 3 6 7 |  7.7

Action                   |  1- 3 |  4- 6 |  7- 9 | 10-12 || total
-------------------------+-------+-------+-------+-------++-------
Melee: Mace              |   100 |    37 |       |       ||   137
       Headbutt          |    20 |    22 |    49 |    25 ||   116
       War axe           |       |    87 |   279 |    98 ||   464
       Morningstar       |       |       |       |     2 ||     2
 Fire: Hunting sling     |       |     5 |       |       ||     5
Invok: Berserk           |       |     2 |     2 |     2 ||     6
       Trog's Hand       |       |     1 |       |     3 ||     4
Evoke: Wand              |       |       |       |     5 ||     5
  Use: Scroll            |       |       |     5 |    13 ||    18
       Potion            |       |       |       |     5 ||     5
 Stab: Sleeping          |     2 |       |     1 |       ||     3
  Eat: Chunk             |     2 |     6 |    11 |     6 ||    25
       Ration            |       |       |     1 |       ||     1
Armor: Animal skin       |     7 |       |       |       ||     7
       Ring mail         |     8 |    62 |    66 |    17 ||   153
       Scale mail        |       |    13 |       |       ||    13
       Chain mail        |       |       |    32 |    11 ||    43
Dodge: Dodged            |    74 |   108 |    76 |    27 ||   285
Block: Large shield      |       |       |   126 |    90 ||   216

Table legend:
 A = Non-vault XP
 B = Vault XP
 C = Vault XP percentage of total XP
 D = Non-vault monster count
 E = Vault monster count
 F = Vault count percentage of total count
                 A         B        C        D         E       F
            +---------+---------+-------+---------+---------+-------
      Total |    6614 |    2849 |  30.1 |     200 |      62 |  23.7
            +---------+---------+-------+---------+---------+-------
        D:1 |      54 |      12 |  18.2 |      33 |       5 |  13.2
        D:2 |     152 |      41 |  21.2 |      26 |       3 |  10.3
        D:3 |      90 |      37 |  29.1 |      27 |       2 |   6.9
        D:4 |     143 |     102 |  41.6 |      12 |       7 |  36.8
        D:5 |     914 |       0 |   0.0 |      28 |       0 |   0.0
        D:6 |     224 |       0 |   0.0 |       9 |       0 |   0.0
        D:7 |     727 |    1435 |  66.4 |      16 |      20 |  55.6
        D:8 |     890 |     221 |  19.9 |      21 |      16 |  43.2
        D:9 |    1870 |     261 |  12.2 |      21 |       2 |   8.7
     Lair:1 |    1550 |     740 |  32.3 |       7 |       7 |  50.0
            +---------+---------+-------+---------+---------+-------
